 Dungeon Crawl Stone Soup version 0.22.0-27-ga576289601 (webtiles) character file.

11909 MirrMurr the Cleaver (level 11, -1/100 HPs)
             Began as a Deep Dwarf Fighter on Aug 21, 2018.
             Was an Elder of Makhleb.
             Slain by a blink frog (4 damage)
             ... on level 1 of the Lair of Beasts.
             The game lasted 00:24:55 (10573 turns).

MirrMurr the Cleaver (Deep Dwarf Fighter)          Turns: 10573, Time: 00:24:56

Health: -1/100     AC: 18    Str: 25    XL:     11   Next: 55%
Magic:  8/8        EV: 11    Int: 10    God:    Makhleb [****..]
Gold:   376        SH: 12    Dex: 12    Spells: 10/10 levels left

rFire    . . .     SeeInvis .   a - +0 war axe (chop)
rCold    . . .     Gourm    .   c - +0 shield
rNeg     . . .     Faith    .   l - +1 chain mail
rPois    +         Spirit   .   (no helmet)
rElec    .         Reflect  .   (no cloak)
rCorr    .         Harm     .   A - +2 pair of gloves {Str+3}
MR       +....                  (no boots)
Stlth    ..........             (no amulet)
HPRegen  0.00/turn              o - ring of poison resistance
MPRegen  0.11/turn              y - +3 ring of protection

@: non-regenerating, drained
A: damage resistance, heal wounds, sense surroundings 2, no regeneration
a: Heal Wounds, Minor Destruction, Lesser Servant of Makhleb, Major Destruction,
Renounce Religion


You were on level 1 of the Lair of Beasts.
You worshipped Makhleb.
Makhleb was greatly pleased with you.
You were hungry.

You visited 3 branches of the dungeon, and saw 13 of its levels.
You also visited: Sewer.

You collected 578 gold pieces.
You spent 202 gold pieces at shops.

Inventory:

Hand Weapons
 a - a +0 war axe of chopping (weapon)
 b - a +0 hunting sling
 q - a +0 blowgun
Missiles
 e - 115 bolts
 j - 513 stones (quivered)
 p - 75 poisoned needles
 t - 22 tomahawks
 H - 57 sling bullets
Armour
 c - a +0 shield (worn)
 l - a +1 chain mail (worn)
 A - a +2 pair of gloves of strength (worn)
Jewellery
 o - a ring of poison resistance (left hand)
 y - a +3 ring of protection (right hand)
 K - an uncursed ring of protection from magic {unknown}
 L - an uncursed ring of stealth {unknown}
 M - an uncursed ring of positive energy {unknown}
Wands
 v - a wand of polymorph (11)
 B - a wand of iceblast (13)
 D - a wand of acid (21)
 J - a wand of disintegration (14)
Scrolls
 h - 3 scrolls of enchant armour
 r - 6 scrolls of remove curse
 s - 8 scrolls of teleportation
 z - a scroll of immolation
 E - a scroll of enchant weapon
 F - 3 scrolls of amnesia {unknown}
 I - 3 scrolls of identify
 O - a scroll of holy word {unknown}
Potions
 d - 2 potions of might
 g - 5 potions of flight
 i - a potion of invisibility {unknown}
 k - 2 potions of curing
 m - 2 potions of magic
 n - 7 potions of heal wounds
 u - 3 potions of brilliance
 w - 2 potions of cancellation
 x - a potion of ambrosia
 C - a potion of lignification
 G - a potion of haste {unknown}
 P - 2 potions of berserk rage {unknown}
Comestibles
 f - 29 rations
 N - 22 chunks of flesh


   Skills:
 + Level 7.4(6.9) Fighting
 * Level 11.7(11.2) Axes
 + Level 8.9(8.4) Armour
 + Level 8.1(7.6) Dodging
 + Level 8.9(8.4) Shields
 + Level 3.4(2.9) Invocations


You had 10 spell levels left.
You didn't know any spells.
Your spell library contained the following spells:

 Spells                   Type           Power        Failure   Level  Hunger
 Animate Skeleton         Necr           N/A          99%         1    ##.....
 Apportation              Tloc           #.....       99%         1    ##.....
 Confusing Touch          Hex            #.....       99%         1    ##.....
 Sandblast                Erth           #.....       99%         1    ##.....
 Sting                    Conj/Pois      #...         99%         1    ##.....
 Summon Small Mammal      Summ           #...         99%         1    ##.....
 Passwall                 Tmut/Erth      #.......     100%        2    ###....
 Ignite Poison            Fire/Tmut/Pois #.......     100%        3    ####...
 Spider Form              Tmut/Pois      #.........   100%        3    ####...
 Stone Arrow              Conj/Erth      #.....       100%        3    ####...
 Petrify                  Tmut/Erth      #.......     100%        4    #####..
 Aura of Abjuration       Summ           #.........   100%        5    ######.
 Bolt of Magma            Conj/Fire/Erth #.........   100%        5    ######.
 Iskenderun's Battlesphe  Conj/Chrm      #.......     100%        5    ######.
 Lee's Rapid Deconstruct  Erth           #.........   100%        5    ######.
 Venom Bolt               Conj/Pois      #.........   100%        5    ######.
 Iron Shot                Conj/Erth      #.........   100%        6    #######
 Shadow Creatures         Summ           N/A          100%        6    #######
 Orb of Destruction       Conj           #.........   100%        7    #######
 Spellforged Servitor     Conj/Summ      #.........   100%        7    #######


Dungeon Overview and Level Annotations

Branches:
Dungeon (11/15)            Temple (1/1) D:7            Lair (1/6) D:10
    Orc (0/2) D:9

Altars:
Ashenzari
Cheibriados
Dithmenos
Gozag
Hepliaklqana
Makhleb
Qazlal
Ru
Xom

Shops:
D:5 %([}[   D:6 ?

Annotations:
D:10 2 transporters


Innate Abilities, Weirdness & Mutations

You are resistant to damage.
You can heal yourself by infusing magical energy.
You passively map the area around you.
You do not regenerate.


Message History

Unknown command.
You slice the basilisk!!
You kill the basilisk!
Makhleb accepts your kill.
You hit the komodo dragon but do no damage.
The komodo dragon bites you!
* * * LOW HITPOINT WARNING * * *
Unknown command.
A blink frog comes into view.
The blink frog gives a loud, deep croak!
The blink frog blinks!
A blink frog comes into view.
The blink frog croaks.
You hear a howl!
You hear a croak.
You hear a howl!
A blink frog comes into view.
A wolf comes into view.
A blink frog comes into view.
The blink frog gives a loud, deep croak!
The blink frog blinks!
You block the blink frog's attack.
A wolf comes into view.
The blink frog hits you.
You die...

#....#.## ##..†..#
#....#.### #.....##
#....†...# ##....##
#P..#..#.## ##......#
##.##.....## #.....###
#..#.#.....#####.....P##, *
* # ,#........#.##..........
* ,
,...#.8.FFFl.............,
#.#......FF@..............,,
, ..#.#...#F#...............
, , ##.....##...............
,, #.F+##................, ,
#.. ,.####.##........ , h#
,# ,* .8. #...... , * , ,,
.... ..... , >, , >.8. ,, *
, , , , , ** **** *


You could see a komodo dragon and 6 blink frogs.

Vanquished Creatures
  A queen ant (D:9)
  Nergalle (D:11)
  A troll (D:9)
  2 hornets
  4 hippogriffs
  A spriggan (D:8)
  A basilisk (Lair:1)
  Sigmund (D:5)
  11 yaks
  A wyvern (D:9)
  Grum (D:9)
  A hungry ghost (D:8)
  6 soldier ants (D:9)
  3 water moccasins
  2 orc warriors
  4 ice beasts
  4 sky beasts
  A phantom (D:10)
  2 black bears
  4 ogres
  7 wolves
  4 centaurs
  2 crocodiles
  A big kobold (Sewer)
  4 bullfrogs
  A scorpion (D:4)
  10 killer bees
  3 wights (D:8)
  7 howler monkeys
  7 crimson imps
  A jelly (D:5)
  A gnoll shaman (D:9)
  3 hounds
  7 orc priests
  2 bullfrog skeletons
  2 centaur skeletons
  3 iguanas
  9 orc wizards
  33 worker ants
  A killer bee zombie (D:8)
  A hound zombie (D:9)
  A hound skeleton (D:10)
  2 worker ant zombies
  10 adders
  8 gnolls
  2 shadow imps
  2 oozes
  An adder skeleton (D:9)
  6 worms
  2 dart slugs (D:3)
  6 leopard geckos
  54 orcs
  6 bats
  9 giant cockroaches
  5 goblins
  6 hobgoblins
  11 jackals
  8 kobolds
  3 quokkas
  2 ball pythons (D:1)
  A ball python skeleton (D:4)
  2 frilled lizards
  A jackal zombie (D:8)
  A leopard gecko zombie (D:6)
  7 rats
317 creatures vanquished.

Notes
Turn   | Place    | Note
-------+----------+-------------------------------------------
     0 | D:1      | MirrMurr the Deep Dwarf Fighter began the quest for the Orb.
     0 | D:1      | Reached XP level 1. HP: 20/20 MP: 1/1
   491 | D:1      | Reached XP level 2. HP: 17/27 MP: 2/2
  1033 | D:2      | Reached XP level 3. HP: 27/33 MP: 2/2
  1044 | D:2      | Reached skill level 3 in Axes
  1075 | D:2      | Found a sacrificial altar of Ru.
  1161 | D:2      | Found a stormy altar of Qazlal.
  1162 | D:2      | Found a shattered altar of Ashenzari.
  1243 | D:2      | Reached skill level 1 in Dodging
  1480 | D:3      | Found a shadowy altar of Dithmenos.
  1569 | D:3      | Reached XP level 4. HP: 39/42 MP: 3/3
  1714 | D:3      | Found a faded altar of an unknown god.
  1856 | D:3      | Found a glowing drain.
  1866 | Sewer    | Entered a sewer
  1871 | Sewer    | Reached XP level 5. HP: 38/49 MP: 4/4
  1953 | Sewer    | Reached skill level 4 in Axes
  1987 | Sewer    | Found a glowing silver altar of Zin.
  2053 | D:3      | Noticed an ogre
  2070 | D:3      | Killed an ogre
  2070 | D:3      | Reached XP level 6. HP: 30/56 MP: 4/4
  2663 | D:4      | Reached skill level 5 in Axes
  2670 | D:4      | Found a shattered altar of Ashenzari.
  3525 | D:5      | Entered Level 5 of the Dungeon
  3529 | D:5      | Found Jaojaimoemp's Food Shop.
  3573 | D:5      | Reached XP level 7. HP: 15/63 MP: 4/4
  3617 | D:5      | Found Jaturani's Antique Armour Shop.
  3631 | D:5      | Noticed Sigmund
  3673 | D:5      | Killed Sigmund
  3673 | D:5      | Reached skill level 5 in Shields
  3751 | D:5      | Reached skill level 5 in Armour
  3878 | D:5      | Found Vofe's Gadget Shoppe.
  3890 | D:5      | Found Bigruh's Weapon Shop.
  3933 | D:5      | Reached skill level 6 in Axes
  3978 | D:5      | Found Duumuik's Armour Shoppe.
  4257 | D:5      | Reached XP level 8. HP: 48/73 MP: 4/4
  4424 | D:5      | Bought a pair of glowing gloves for 202 gold pieces
  4880 | D:6      | Reached skill level 7 in Axes
  5032 | D:6      | Found Mac Xas's Magic Scroll Emporium.
  5825 | D:7      | Reached skill level 5 in Fighting
  5920 | D:7      | Reached skill level 5 in Dodging
  5920 | D:7      | Gained mutation: You passively map the area around you. [Deep Dwarf growth]
  5920 | D:7      | Reached XP level 9. HP: 60/81 MP: 5/5
  5924 | D:7      | Found a staircase to the Ecumenical Temple.
  5931 | Temple   | Entered the Ecumenical Temple
  5969 | Temple   | Became a worshipper of Makhleb the Destroyer
  6113 | D:7      | Reached skill level 8 in Axes
  6601 | D:8      | Found an opulent altar of Gozag.
  6821 | D:8      | Identified Emoll's Compendium of Venom and Calling
  6834 | D:8      | Reached skill level 9 in Axes
  7310 | D:9      | Reached * piety under Makhleb
  7428 | D:9      | Reached XP level 10. HP: 49/91 MP: 6/6
  7666 | D:9      | Noticed Grum
  7682 | D:9      | Killed Grum
  7694 | D:9      | Reached skill level 10 in Axes
  7758 | D:9      | Found a staircase to the Orcish Mines.
  7820 | D:9      | Reached ** piety under Makhleb
  7977 | D:9      | Paralysed by a hornet for 3 turns
  8269 | D:9      | Noticed a queen ant
  8299 | D:9      | Killed a queen ant
  8299 | D:9      | Reached *** piety under Makhleb
  8527 | D:10     | Entered Level 10 of the Dungeon
  8538 | D:10     | Reached XP level 11. HP: 73/99 MP: 6/6
  8554 | D:10     | Found a transporter.
  8562 | D:10     | Reached skill level 11 in Axes
  8769 | D:10     | Found a staircase to the Lair.
  8891 | D:10     | Reached skill level 1 in Invocations
  8939 | D:10     | Found a transporter.
  9493 | D:11     | Reached **** piety under Makhleb
  9742 | D:11     | Noticed Nergalle
  9784 | D:11     | Noticed a spectral orc warlord
  9817 | D:11     | Noticed a spectral orc warlord
  9818 | D:11     | Killed Nergalle
  9988 | D:11     | Paralysed by a hornet for 1 turns
 10317 | Lair:1   | Entered Level 1 of the Lair of Beasts
 10566 | Lair:1   | HP: 3/100 [komodo dragon (14)]
 10573 | Lair:1   | Slain by a blink frog

Skill      XL: |  1  2  3  4  5  6  7  8  9 10 11 |
---------------+----------------------------------+-----
Axes           | 3 4 5 6 7 9 10 11 | 11.7
Dodging        | 1 2 3 5 6 7 8 |  8.1
Fighting       | 3 4 5 6 7 |  7.4
Armour         | 4 5 6 7 8 |  8.9
Shields        | 4 5 6 7 8 |  8.9
Invocations    | 3 |  3.4

Action                   |  1- 3 |  4- 6 |  7- 9 | 10-12 || total
-------------------------+-------+-------+-------+-------++-------
Melee: War axe           |   141 |   181 |   394 |   660 ||  1376
       Unarmed           |       |       |     5 |       ||     5
 Fire: Hunting sling     |       |    13 |    11 |       ||    24
 Abil: Heal Wounds       |     2 |     3 |     6 |     8 ||    19
  Use: Scroll            |     1 |    10 |     7 |       ||    18
  Eat: Chunk             |     2 |     7 |    11 |    11 ||    31
       Ration            |       |       |     1 |       ||     1
Armor: Scale mail        |    15 |       |       |       ||    15
       Chain mail        |    67 |    91 |   199 |   351 ||   708
Dodge: Dodged            |    41 |    49 |    98 |   294 ||   482
Block: Shield            |    82 |    94 |   183 |   440 ||   799
